 Dungeon Crawl Stone Soup version 0.29.1-15-g9cfb28693d (webtiles) character file.

Game seed: 10482099469273542520

207 Andrakon the Trooper (level 5, -4/51 HPs)
             Began as a Minotaur Fighter on Apr 3, 2023.
             Slain by Menkaure (8 damage)
             ... on level 4 of the Dungeon.
             The game lasted 00:11:13 (2778 turns).

Andrakon the Trooper (Minotaur Fighter)             Turns: 2778, Time: 00:11:14

Health: -4/51      AC: 12    Str: 23    XL:     5   Next: 54%
Magic:  3/3        EV:  7    Int:  5    God:
Gold:   169        SH:  6    Dex:  9    Spells: 4/4 levels left

rFire   + . .      SeeInvis .   a - +0 war axe
rCold   + . .      Faith    .   j - +2 buckler
rNeg    . . .      Spirit   .   y - +0 chain mail
rPois   .          Reflect  .   (helmet restricted)
rElec   .          Harm     .   (no cloak)
rCorr   .          Rampage  .   q - +0 pair of gloves
Will    +....                   u - +0 pair of boots
Stlth   ..........              (no amulet)
HPRegen 0.17/turn               o - ring of willpower
MPRegen 0.08/turn               v - ring of protection from cold

@: mighty, about to teleport
A: horns 2, retaliatory headbutt, fire resistance 1, low MP 1, robust 1
a: no special abilities


You were on level 4 of the Dungeon.
You visited 1 branch of the dungeon, and saw 4 of its levels.

You collected 169 gold pieces.

Inventory:

Hand Weapons
 a - a +0 war axe (weapon)
 m - a +0 war axe
Missiles
 f - 4 boomerangs
 k - 3 javelins (quivered)
Armour
 j - a +2 buckler (worn)
 q - a +0 pair of gloves (worn)
 u - a +0 pair of boots (worn)
 y - a +0 chain mail (worn)
Jewellery
 b - a ring of willpower
 o - a ring of willpower (left hand)
 r - a ring of ice
 v - a ring of protection from cold (right hand)
Wands
 w - a wand of roots (22)
 B - a wand of light (6)
Scrolls
 c - a scroll of summoning
 e - 2 scrolls of enchant weapon {unknown}
 h - 2 scrolls of immolation
 i - 2 scrolls of identify
 l - a scroll of brand weapon {unknown}
 n - a scroll of poison {unknown}
 p - a scroll of teleportation
 t - a scroll of fear {unknown}
 A - a scroll of silence {unknown}
Potions
 d - 2 potions of might
 g - a potion of haste
 x - a potion of lignification {unknown}
 z - a potion of cancellation {unknown}


   Skills:
 + Level 4.9 Fighting
 + Level 4.0 Axes
 + Level 4.9 Armour
 + Level 4.9 Shields


You had 4 spell levels left.
You didn't know any spells.
Your spell library contained the following spells:

 Spells                   Type           Power      Damage    Failure   Level
 Summon Guardian Golem    Hex/Summ       0%         N/A       100%        3
 Orb of Destruction       Conj           0%         9d5       100%        7
 Spellforged Servitor     Conj/Summ      0%         N/A       100%        7


Dungeon Overview and Level Annotations

Branches:
Dungeon (4/15)
 Temple: D:4-7

Altars:

Shops:
D:4 ![?

Annotations:
D:4 Menkaure


Innate Abilities, Weirdness & Mutations

You have a pair of horns on your head.
You reflexively headbutt those who attack you in melee.
Your flesh is heat resistant. (rF+)
Your magical capacity is low. (-10% MP)
You are robust. (+10% HP)


Message History

Menkaure seems to speed up.
You barely miss the scorpion.
The scorpion is heavily wounded.
You block the scorpion's attack.
You barely miss the scorpion. Your headbutt misses the scorpion.
The scorpion is heavily wounded.
You block the scorpion's attack. The scorpion stings you.
You are poisoned.
The scorpion poisons you!
You hit the scorpion. You headbutt the scorpion.
The scorpion is almost dead.
You feel very sick.
The scorpion stings you but does no damage.
The scorpion stings you.
You slash the scorpion!
You kill the scorpion!
You feel sick.
Menkaure mumbles, "It doesn't hurt if you pull your brain out of your nose yourself."
Menkaure hits you but does no damage.
Your Axes skill increases to level 4!
You feel better. Menkaure hits you!
You feel very mighty all of a sudden. Menkaure hits you.
You completely miss Menkaure. Menkaure hits you!
* * * LOW HITPOINT WARNING * * *
Menkaure calls on the powers of darkness!
Your body is wracked with pain!
* * * LOW HITPOINT WARNING * * *
Aiming: Bolt of Light
Press: ? - help, Shift-Dir - straight line, f - Menkaure
Aim: Menkaure (fast, 86% to hit)
The bolt of light misses Menkaure.
Menkaure calls on the powers of darkness!
Your body is wracked with pain!
* * * LOW HITPOINT WARNING * * *
As you read the scroll of teleportation, it crumbles to dust.
You feel strangely unstable. Menkaure hits you but does no damage.
Menkaure attacks as you move away! Menkaure barely misses you.
Menkaure hits you!
You die...

#.....#.....#..⌠... .
#.⌠........##...... ..
............#.......
...###........##.......
.....###...⌠..#.....#..
.......###...##.⌠......
.........###...†.......
####M...#####.......
#..@........###...⌠.
#...#.........###...
#...###.....).....###.
............#.........#.
##..#......######.......
#..##......# #.......
##. #...#... ##...... .
....#.. ###..... .. ..
#.......


You could see Menkaure (fast).

Vanquished Creatures
  A scorpion (D:4)
  An orc priest (D:4)
  5 adders
  A worm (D:2)
  2 dart slugs
  4 orcs (D:4)
  8 ball pythons
  3 endoplasms
  3 giant cockroaches
  7 hobgoblins
  3 jackals (D:1)
  5 kobolds
  3 quokkas
  6 bats
  3 frilled lizards (D:3)
  4 goblins (D:2)
  4 rats
63 creatures vanquished.

Notes
Turn   | Place    | Note
-------+----------+-------------------------------------------
     0 | D:1      | Andrakon the Minotaur Fighter began the quest for the Orb.
     0 | D:1      | Reached XP level 1. HP: 19/19 MP: 0/0
   139 | D:1      | Reached XP level 2. HP: 19/27 MP: 1/1
   392 | D:1      | Found a faded altar of an unknown god.
   770 | D:2      | Reached XP level 3. HP: 33/33 MP: 2/2
   854 | D:2      | Gained mutation: Your body sometimes deteriorates upon
                  | taking damage. [potion of mutation]
   893 | D:2      | Lost mutation: Your body sometimes deteriorates upon taking
                  | damage. [potion of mutation]
   893 | D:2      | Gained mutation: You occasionally lose the ability to read
                  | scrolls when taking damage. [potion of mutation]
   893 | D:2      | Gained mutation: Your body sometimes deteriorates upon
                  | taking damage. [potion of mutation]
   893 | D:2      | Gained mutation: You have large cloven feet. [potion of
                  | mutation]
   894 | D:2      | Lost mutation: You have large cloven feet. [potion of
                  | mutation]
   894 | D:2      | Lost mutation: Your body sometimes deteriorates upon taking
                  | damage. [potion of mutation]
   894 | D:2      | Lost mutation: You occasionally lose the ability to read
                  | scrolls when taking damage. [potion of mutation]
   894 | D:2      | Gained mutation: Your magical capacity is low. (-10% MP)
                  | [potion of mutation]
   894 | D:2      | Gained mutation: You are robust. (+10% HP) [potion of
                  | mutation]
   894 | D:2      | Gained mutation: Your flesh is heat resistant. (rF+)
                  | [potion of mutation]
  1786 | D:3      | Reached XP level 4. HP: 39/45 MP: 2/2
  2427 | D:4      | Found Zas Ovaj's Magic Scroll Shoppe.
  2427 | D:4      | Found Ylivolyv's Antique Armour Shop.
  2642 | D:4      | Found Xousur's Distillery.
  2708 | D:4      | Reached XP level 5. HP: 44/51 MP: 3/3
  2766 | D:4      | Noticed Menkaure
  2778 | D:4      | Slain by Menkaure

Illustrated notes

Levels and vault maps discovered:
D:1:      dpeg_arrival_three_same_balls, layout_basic,
          chequers_ecumenical_altar_simple_redux, corexii_hall_statues_x
D:2:      minmay_wonky_spiral, layout_basic, minmay_fractal_squares_gapless_5
D:3:      layout_basic
D:4:      minmay_skewed_foursquare, layout_cave_pools, gammafunk_ghost_split,
          serial_shops, nicolae_shop_temple_entry_statues_fountains,
          nicolae_diamond_shop, shop, nicolae_shop_stone, uniq_blork_the_orc,
          uniq_menkaure

Skill      XL: |  1  2  3  4  5 |
---------------+----------------+-----
Fighting       | 4 |  4.9
Shields        | 4 |  4.9
Armour         | 4 |  4.9
Axes           | 3 4 |  4.0

Action                   |  1- 3 |  4- 6 || total
-------------------------+-------+-------++-------
Melee: War axe           |    90 |    55 ||   145
       Headbutt          |    13 |     9 ||    22
Evoke: Wand              |       |     1 ||     1
  Use: Scroll            |     5 |     2 ||     7
       Potion            |     3 |     2 ||     5
Armor: Scale mail        |    43 |    12 ||    55
       Chain mail        |       |    21 ||    21
Dodge: Dodged            |    42 |    18 ||    60
Block: Buckler           |    22 |    23 ||    45
